 Dungeon Crawl Stone Soup version 0.18-a0-1045-g4e042de (webtiles) character file.

85 Grimpse the Shield-Bearer (level 4, -3/29 HPs)
             Began as a Gargoyle Fighter on Jan 12, 2016.
             Slain by Sigmund
             ... wielding a +0 scythe
              (20 damage)
             ... on level 3 of the Dungeon.
             The game lasted 00:01:32 (1620 turns).

Grimpse the Shield-Bearer (Gargoyle Fighter)        Turns: 1620, Time: 00:01:34

Health: -3/29      AC: 11    Str: 20    XL:     4   Next: 48%
Magic:  4/4        EV:  7    Int:  9    God:
Gold:   167        SH:  9    Dex:  9    Spells: 0 memorised, 3 levels left

rFire  . . .     SeeInvis .     a - +0 flail
rCold  . . .     Gourm    .     b - +0 scale mail
rNeg   + . .     Faith    .     c - +0 shield
rPois  ∞         Spirit   .     (no helmet)
rElec  +         Dismiss  .     (no cloak)
rCorr  .         Reflect  .     h - +0 pair of gloves
SustAt .         Harm     .     (no boots)
MR     .....                    (no amulet)
Stlth  ..........               (no ring)
                                (no ring)

@: not resistant to hostile enchantments, extremely unstealthy
A: negative energy resistance 1, electricity resistance, unbreathing,
petrification resistance, rot immunity, AC +3
a: no special abilities


You were on level 3 of the Dungeon.
You were hungry.

You visited 1 branch of the dungeon, and saw 3 of its levels.

You collected 167 gold pieces.

Inventory:

Hand Weapons
 a - a +0 flail (weapon)
Armour
 b - a +0 scale mail (worn)
 c - a +0 shield (worn)
 h - a +0 pair of gloves (worn)
Jewellery
 r - an uncursed ring of resist corrosion {unknown}
 u - an uncursed amulet of the gourmand {unknown}
Scrolls
 e - a scroll of fear {unknown}
 g - 2 scrolls of teleportation {unknown}
 j - 2 scrolls of remove curse {unknown}
 m - 2 scrolls of identify {unknown}
 n - a scroll of immolation {unknown}
 s - a scroll of amnesia {unknown}
Potions
 d - 2 potions of might
 i - 2 potions of heal wounds {unknown}
 l - a potion of flight {unknown}
 o - 2 potions of curing {unknown}
 p - a potion of ambrosia {unknown}
Comestibles
 f - 3 bread rations
 k - a meat ration
 q - a slice of pizza
 t - a beef jerky


   Skills:
 + Level 3.8 Fighting
 + Level 2.6 Maces & Flails
 + Level 3.9 Armour
 + Level 1.1 Dodging
 + Level 3.9 Shields


You had 3 spell levels left.
You didn't know any spells.

Dungeon Overview and Level Annotations

Branches:
Dungeon (3/15)

Altars:
Cheibriados
Nemelex Xobeh

Annotations:
D:3 Sigmund


Innate Abilities, Weirdness & Mutations

You are resistant to torment.
Your stone body is resilient (AC +3).
You are immune to poison.
You resist negative energy.
You are resistant to electric shocks.
You can survive without breathing.
You are immune to petrification.
You are immune to rotting.


Message History

You sock Sigmund!
Sigmund is heavily wounded.
You block Sigmund's attack.
You barely miss Sigmund.
Sigmund is heavily wounded.
You hit Sigmund.
Sigmund is severely wounded.
Sigmund barely misses you.
You sock Sigmund!
Sigmund is almost dead.
Sigmund casts a spell at you. You resist with some effort.
You closely miss Sigmund.
Sigmund is almost dead.
Sigmund mumbles some strange words.
Sigmund flickers and vanishes!
Deactivating autopickup; reactivate with Ctrl-A.
Something hits you!!
Ouch! That really hurt!
You die...

##.. ## .... .. #
... .# #. #.# .#
#..####.###.####..
..................
...?.....@{####
###.............
#.#.#######..P #
#.# . #.#
#.######...
#..........
###.####... #
##.##


There were no monsters in sight!

Vanquished Creatures
  Jessica (D:2)
  An adder (D:2)
  2 worms
  2 giant geckos
  2 giant cockroaches
  7 goblins
  7 hobgoblins
  4 jackals
  A quokka (D:2)
  2 ball pythons
  3 bats (D:2)
  2 giant newts
  4 kobolds
  3 rats
41 creatures vanquished.

Vanquished Creatures (others)
  A bat (D:3)
1 creature vanquished.

Grand Total: 42 creatures vanquished

Notes
Turn   | Place    | Note
--------------------------------------------------------------
     0 | D:1      | Grimpse the Gargoyle Fighter began the quest for the Orb.
     0 | D:1      | Reached XP level 1. HP: 14/14 MP: 1/1
   230 | D:1      | Reached XP level 2. HP: 19/19 MP: 2/2
   702 | D:2      | Noticed Jessica
   706 | D:2      | Killed Jessica
   706 | D:2      | Reached XP level 3. HP: 23/23 MP: 3/3
   868 | D:2      | Reached skill level 1 in Dodging
   868 | D:2      | Reached XP level 4. HP: 20/29 MP: 4/4
  1552 | D:3      | Found a snail-covered altar of Cheibriados.
  1552 | D:3      | Found a sparkling altar of Nemelex Xobeh.
  1606 | D:3      | Noticed Sigmund
  1620 | D:3      | Slain by Sigmund

Vault maps used:
D:1:      roderic_octagonal_star, hangedman_decor_clover_reticule,
          minmay_misc_feat_plants
D:2:      first_bread, kennysheep_jessica_study
D:3:      gammafunk_temple_overflow_wave, yredelemnul_altar_generic,
          uniq_sigmund, uniq_jessica

Action                   |  1- 3 |  4- 6 || total
-------------------------+-------+-------++-------
Melee: Flail             |   103 |    84 ||   187
  Eat: Chunk             |       |     2 ||     2
